 Dungeon Crawl Stone Soup version 0.32-a0-768-g0f6f1dd4b9 (webtiles) character file.

Game seed: 6402620069710867645

2904 lunkers the Cleaver (level 9, -1/49 (63) HPs)
             Began as a Coglin Berserker on Mar 18, 2024.
             Was a Priest of Trog.
             Killed by divine providence
             ... invoked by Jeremiah
              (13 damage)
             ... on level 7 of the Dungeon.
             The game lasted 00:09:38 (6608 turns).

lunkers the Cleaver (Coglin Berserker)              Turns: 6608, Time: 00:09:38

HP:   -1/49 (63)    AC: 12    Str: 22    XL:     9   Next: 78%
MP:   9/9           EV:  9    Int:  7    God:    Trog [***...]
Gold: 165           SH:  0    Dex: 13    Spells: 8/8 levels left

rFire   + . .        c - +0 war axe {José}
rCold   . . .        n - +3 whip (flame) {José}
rNeg    . . .        r - +3 scale mail {rF+}
rPois   .            k - +1 helmet
rElec   .            (no cloak)
rCorr   .            (no gloves)
SInv    .            p - +0 pair of boots
Will    ++...        (amulet unavailable) Stlth
                     (ring unavailable)
HPRegen 1.28/turn    (ring unavailable)
MPRegen 0.11/turn    (no gizmo)

%: no passive effects
@: strong-willed, on berserk cooldown, regenerating, slowed, heavily drained,
revving, very slow
A: off-hand wielding, slow wielding, warmup strikes, no jewellery
a: Invent Gizmo, Renounce Religion, Berserk, Trog's Hand


You were on level 7 of the Dungeon.
You worshipped Trog.
Trog was most pleased with you.
You visited 1 branch of the dungeon, and saw 7 of its levels.

You collected 571 gold pieces.
You spent 406 gold pieces at shops.

Inventory:

Hand Weapons
 a - a +0 hand axe {Imanvir}
 c - a +0 war axe (weapon) {José}
 f - a +0 hand axe {Doyun}
 n - a +3 whip of flaming (offhand) {José}
 u - a +0 war axe
Missiles
 s - a throwing net
Armour
 k - a +1 helmet (worn)
 p - a +0 pair of boots (worn)
 q - a +2 robe of cold resistance
 r - a +3 scale mail of fire resistance (worn)
Wands
 d - a wand of digging (5)
 v - a wand of flame (36)
Scrolls
 g - 3 scrolls of revelation
 h - 2 scrolls of fog
 l - 3 scrolls of fear
 m - 2 scrolls of vulnerability
 o - 2 scrolls of poison
 w - a scroll of teleportation
Potions
 b - a potion of might
 e - 3 potions of curing
 i - 2 potions of brilliance
 j - a potion of ambrosia
 t - a potion of berserk rage {unknown}


   Skills:
 - Level 3.0 Fighting
 + Level 13.4 Axes
 - Level 1.7 Armour
 - Level 1.7 Dodging


You had 8 spell levels left.
You didn't know any spells.
Your spell library was empty.

Dungeon Overview and Level Annotations

Branches:
Dungeon (7/15)             Temple (0/1) D:5

Altars:
Ashenzari
Trog
The Shining One

Shops:
D:1 ?   D:2 (   D:5 [

Annotations:
D:7 Jeremiah


Innate Abilities, Weirdness & Mutations

You can wield a second weapon in your off-hand.
It takes a long time for you to wield or remove held weapons.
Your first few attacks do less damage.
You cannot equip rings or amulets.


Message History

Jeremiah hits you with a +3 trident of draining.
* * * LOW HITPOINT WARNING * * *
You feel drained.
* * * LOW HITPOINT WARNING * * *
You barely miss Jeremiah with your +3 whip of flaming.
Jeremiah is heavily wounded.
You miss Jeremiah with your +0 war axe.
You barely miss the butterfly with your +0 war axe.
You hit the butterfly with your +0 war axe.
You kill the butterfly!
The butterfly disappears in a burst of colours!
Jeremiah throws their arms up pleadingly.
Something smites you!
* * * LOW HITPOINT WARNING * * *
You barely miss Jeremiah with your +0 war axe.
Jeremiah is heavily wounded.
You miss the butterfly with your +0 war axe.
You hit Jeremiah with your +3 whip of flaming.
You burn Jeremiah. Jeremiah hits you but does no damage.
You feel drained.
Unknown command.
You barely miss Jeremiah with your +0 war axe.
Jeremiah is severely wounded.
You hit the butterfly with your +0 war axe.
You kill the butterfly!
The butterfly disappears in a burst of colours!
You completely miss the butterfly with your +0 war axe.
You hit Jeremiah with your +3 whip of flaming.
You burn Jeremiah.
Jeremiah hops!
Unknown command.
There is an open door here.
Unknown command.
Unknown command.
Your skin crawls.
You feel strong-willed.
You can no longer call in reinforcements.
The butterfly disappears in a burst of colours! x3
Jeremiah shouts, "O dreadful one, destroy my foe!"
Something smites you!
You die...
Jeremiah says, "O terrible one, your will is done."

.# #......# #........ .#
#......# #........ .#
#......# #.......b
.######......#######..##.##.
.#.............#b.##..# #
.#.............+...bF.#
.#...........[.#b...bb#
.#.............#....b.#
.#.............#@######
.#..............b......#
.#.......####+#.b......+
.#.......# #.b..bb...
.#.......# #......b..
.#.......# #.....b...
.#.......# #########.
.#.......# .#.......#


You could see Jeremiah.

Vanquished Creatures
  Pikel (D:4)
  Grinder (D:6)
  Sigmund (D:3)
  A water moccasin (D:7)
  Duvessa (D:7)
  2 orc warriors (D:6)
  2 black bears
  2 ice beasts
  An ogre (D:5)
  A lemure (D:4)
  A phantom (D:3)
  2 kobold brigands
  2 scorpions
  Dowan (D:7)
  5 bombardier beetles
  5 orc priests
  A jelly (D:5)
  A sleepcap (D:4)
  Jessica (D:3)
  4 iguanas
  3 orc wizards
  Robin (D:3)
  4 adders
  12 gnolls
  A shadow imp (D:6)
  A white imp (D:6)
  2 ufetubi (D:7)
  A ribbon worm (D:2)
  A dart slug (D:1)
  14 orcs
  11 ball pythons
  8 endoplasms
  A giant cockroach (D:4)
  15 goblins
  12 hobgoblins
  6 jackals
  5 kobolds
  2 quokkas
  10 bats
  3 frilled lizards
  4 rats
153 creatures vanquished.

Notes
Turn   | Place    | Note
-------+----------+-------------------------------------------
     0 | D:1      | lunkers the Coglin Berserker began the quest for the Orb.
     0 | D:1      | Reached XP level 1. HP: 18/18 MP: 1/1
    47 | D:1      | Found Izuh's Magic Scroll Shoppe.
    98 | D:1      | Reached XP level 2. HP: 24/24 MP: 2/2
   238 | D:1      | Reached skill level 4 in Axes
   341 | D:1      | Reached XP level 3. HP: 29/29 MP: 3/3
   344 | D:1      | Reached ** piety under Trog
   854 | D:2      | Found Wubb's Weapon Shoppe.
  1328 | D:2      | Reached XP level 4. HP: 35/35 MP: 4/4
  1521 | D:3      | Noticed Jessica
  1524 | D:3      | Reached skill level 5 in Axes
  1525 | D:3      | Killed Jessica
  1568 | D:3      | Found a faded altar of an unknown god.
  1576 | D:3      | Noticed Robin
  1590 | D:3      | Reached XP level 5. HP: 16/41 MP: 5/5
  1595 | D:3      | Killed Robin
  1621 | D:3      | Reached *** piety under Trog
  1622 | D:3      | Reached skill level 6 in Axes
  1850 | D:3      | Noticed Sigmund
  1862 | D:3      | Killed Sigmund
  1863 | D:3      | Reached skill level 7 in Axes
  1863 | D:3      | Reached XP level 6. HP: 24/47 MP: 6/6
  2420 | D:4      | Found a bloodstained altar of Trog.
  2450 | D:4      | Reached XP level 7. HP: 47/52 MP: 7/7
  2585 | D:4      | Reached skill level 8 in Axes
  3340 | D:4      | Noticed Pikel
  3351 | D:4      | Killed Pikel
  3352 | D:4      | Reached skill level 10 in Axes
  3352 | D:4      | Reached XP level 8. HP: 36/58 MP: 8/8
  3587 | D:5      | Entered Level 5 of the Dungeon
  4078 | D:5      | Found a staircase to the Ecumenical Temple.
  4111 | D:5      | Reached skill level 11 in Axes
  4158 | D:5      | Found Plog's Antique Armour Shoppe.
  4167 | D:5      | Bought a shiny helmet for 210 gold pieces
  4167 | D:5      | Bought a glowing scale mail for 196 gold pieces
  4305 | D:5      | Found a broken altar of Ashenzari.
  4387 | D:5      | Found a glowing golden altar of the Shining One.
  4656 | D:5      | Reached XP level 9. HP: 63/63 MP: 9/9
  4953 | D:6      | Reached skill level 12 in Axes
  4954 | D:6      | Reached **** piety under Trog
  5273 | D:6      | Noticed Grinder
  5281 | D:6      | Paralysed by Grinder for 3 turns
  5287 | D:6      | Paralysed by Grinder for 5 turns
  5295 | D:6      | Killed Grinder
  5403 | D:6      | Identified the ring "Adoczy" {rN+ MP+9}
  6277 | D:7      | Noticed Duvessa
  6277 | D:7      | Noticed Dowan
  6283 | D:7      | Killed Duvessa
  6284 | D:7      | Reached skill level 13 in Axes
  6285 | D:7      | Killed Dowan
  6568 | D:7      | Noticed Jeremiah
  6608 | D:7      | Killed from afar by Jeremiah

Illustrated notes

Levels and vault maps discovered:
D:1:      dpeg_arrival_rhombi, layout_basic, serial_shops, shop, serial_curves,
          eino_curves_04, eino_curves_04, eino_curves_03
D:2:      layout_basic, serial_shops, shop_fountains
D:3:      layout_loops_ring, ebering_ecumenical_altar_rust,
          minmay_misc_feat_tiny, uniq_robin, uniq_jessica, uniq_sigmund
D:4:      layout_loops_corners, nicolae_overflow_hidden_temple,
          minmay_misc_feat_doors, corexii_corridor_pit, uniq_pikel
D:5:      layout_loops_ring, jmf_multi_god_temple2, minmay_temple_entry_trees,
          serial_shops, shop, grunt_ministairs_3
D:6:      layout_layer_cave, minmay_misc_feat_four_crosses, uniq_grinder
D:7:      layout_gridville, serial_shops, nicolae_take_the_stairs, minivault_25,
          uniq_prince_ribbit1, uniq_duvessa, uniq_jeremiah, uniq_maggie

Skill      XL: |  1  2  3  4  5  6  7  8  9 |
---------------+----------------------------+-----
Axes           | 4 5 7 10 11 13 | 13.4
Fighting       | |  3.0
Armour         | |  1.7
Dodging        | |  1.7

Action                     |  1- 3 |  4- 6 |  7- 9 || total
---------------------------+-------+-------+-------++-------
  Melee: Hand axe          |   121 |   117 |   120 ||   358
         Dagger            |    13 |       |       ||    13
         Whip              |       |       |   136 ||   136
         War axe           |       |       |   119 ||   119
 Invoke: Berserk           |       |     2 |     8 ||    10
         Trog's Hand       |       |     1 |     1 ||     2
    Use: Scroll            |     5 |     4 |     4 ||    13
   Stab: Sleeping          |     2 |       |       ||     2
 Armour: Animal skin       |    28 |       |       ||    28
         Ring mail         |    12 |    37 |    42 ||    91
         Robe              |       |       |    20 ||    20
         Scale mail        |       |       |    82 ||    82
  Dodge: Dodged            |    44 |    28 |    72 ||   144

Table legend: (Time is in decaauts)
 A = Elapsed time spent in this place.
 B = Non-inter-level travel time spent in this place.
 C = Inter-level travel time spent in this place.
 D = Time resting spent in this place.
 E = Time spent auto-exploring this place.
 F = Levels seen in this place.
 G = Mean time per level.
                   A        B        C        D        E       F      G
               +--------+--------+--------+--------+--------+-----+--------+
         Total |   6646 |   6476 |    170 |     76 |   5403 |   7 |  949.4 |
       Dungeon |   6646 |   6476 |    170 |     76 |   5403 |   7 |  949.4 |
               +--------+--------+--------+--------+--------+-----+--------+

Top non-repeatable levels by time:
     D:6: 1547 daAuts
     D:4: 1207 daAuts
     D:5: 1146 daAuts
     D:3: 930 daAuts
     D:1: 856 daAuts
     D:2: 622 daAuts
     D:7: 335 daAuts
